cohdb
Replays
Latest Replays
All Replays
Popular Replays
Top Player Replays
Match Explorer
How It Works
Community
CoH3 Stats
Reddit
Sign in to upload your games and track your stats! →
Sign in with Steam
Match 47095526
Unlisted
Match 47095526
Overview
Messages
Build Orders
End
Selects Australian Defense Battlegroup
Selects Australian Light Infantry Section
Australian Light Infantry Section
Construct Section Command Post
Infantry Section
ML 3-inch Mortar Team
Construct Platoon Command Post
Unlock M3 Stuart Light Tanks
Selects CMP 15cwt Supply Run
Selects Reinforced Resource Caches
M3 Stuart Light Tank
Royal Engineer Section
M3 Stuart Light Tank
Infantry Section
6-pounder Anti-tank Gun Team
Grenade Package
Construct Company Command Post
Selects Defensive Tactics
Selects Vehicle Over Repair
A_Smoove
The_Honey_Bear
alex_fanyman
Gara
0
0
Comments
sign in to comment!
No comments posted yet!